 Dungeon Crawl Stone Soup version 0.26-a0-639-g72c4674329 (webtiles) character file.

Game seed: 106419453722273449

2351 MrRokkomies the Fighter (level 9, -10/83 HPs)
             Began as a Demigod Delver on Sept 16, 2020.
             Mangled by a cyclops (22 damage)
             ... on level 7 of the Dungeon.
             The game lasted 00:10:48 (7735 turns).

MrRokkomies the Fighter (Demigod Delver)            Turns: 7735, Time: 00:10:48

Health: -10/83     AC:  9    Str: 17 (19) XL:     9   Next: 0%
Magic:  11/11      EV: 14    Int: 13 (16) God:
Gold:   757        SH:  0    Dex: 16 (17) Spells: 8/8 levels left

rFire    + . .     SeeInvis .   t - +1 short sword (drain)
rCold    + . .     Faith    .   (no shield)
rNeg     . . .     Spirit   .   b - +0 leather armour
rPois    +         Reflect  .   (no helmet)
rElec    +         Harm     .   (no cloak)
rCorr    +         Rampage  .   v - +1 pair of gloves
MR       +....                  (no boots)
Stlth    ++........             (no amulet)
HPRegen  0.23/turn              k - +4 ring of protection
MPRegen  0.12/turn              F - ring of protection from magic

@: resistant, heavily drained
A: high mp 1
a: no special abilities


You were on level 7 of the Dungeon.
You visited 1 branch of the dungeon, and saw 7 of its levels.

You collected 757 gold pieces.

Inventory:

Hand Weapons
 a - a +0 falchion
 i - a cursed +4 great sword
 t - a +1 short sword of draining (weapon)
 E - a +2 dagger of holy wrath
Missiles
 s - 55 poisoned darts (quivered)
 x - 7 silver javelins
 D - 5 boomerangs
Armour
 b - a +0 leather armour (worn)
 v - a +1 pair of gloves (worn)
Magical Staves
 I - an uncursed staff of death {unknown}
Jewellery
 k - a +4 ring of protection (left hand)
 r - a cursed +4 ring of protection
 F - a ring of protection from magic (right hand)
Wands
 e - a wand of polymorph (7)
 g - a wand of digging (3)
Scrolls
 c - 3 scrolls of fog
 f - a scroll of magic mapping
 h - 7 scrolls of identify
 j - 6 scrolls of remove curse
 l - 2 scrolls of teleportation {unknown}
 o - 2 scrolls of random uselessness {unknown}
 q - a scroll of immolation {unknown}
 y - a scroll of enchant weapon {unknown}
 G - a scroll of vulnerability {unknown}
 J - a scroll of enchant armour
Potions
 d - a potion of ambrosia
 m - 2 potions of mutation
 n - 2 potions of brilliance
 w - a potion of haste
 z - a potion of resistance
 A - a potion of lignification {unknown}
 B - a potion of curing {unknown}
 H - a potion of flight {unknown}


   Skills:
 * Level 9.2(7.6) Fighting
 - Level 4.0(2.5) Long Blades
 + Level 6.3(4.8) Dodging
 - Level 4.5(3.0) Stealth


You had 8 spell levels left.
You didn't know any spells.
Your spell library contained the following spells:

 Spells                   Type           Power        Failure   Level
 Animate Skeleton         Necr           #.....       36%         1
 Pain                     Necr           #...         36%         1
 Vampiric Draining        Necr           #.........   75%         3
 Animate Dead             Necr           #.........   98%         4
 Agony                    Necr           #.......     100%        5


Dungeon Overview and Level Annotations

Branches:
Dungeon (7/15)             Temple (0/1) D:5


Innate Abilities, Weirdness & Mutations

You have an increased reservoir of magic. (+10% MP)


Message History

The cyclops is moderately wounded.
The wight zaps a wand.
You easily resist.
The cyclops hits you!
* * * LOW HITPOINT WARNING * * *
Unknown command.
You hit the cyclops.
The cyclops is moderately wounded.
You hit the cyclops but do no damage.
The cyclops is moderately wounded.
The cyclops misses you.
The wight zaps a wand.
You easily resist.
The now-empty wand crumbles to dust.
It was a potion of resistance.
You feel protected.
The wight throws a stone.
The stone barely misses you. The cyclops hits you!
* * * LOW HITPOINT WARNING * * *
Unknown command.
It was a potion of degeneration.
There was something very wrong with that liquid.
You feel weakened.
You feel dopey.
You feel clumsy. The cyclops hits you!!
You die...

### ############.##
#####...........#.#
......##########)##
##...## #.# #.....#
#.# ##...## #(#
##.## #@# #.#
......C.# #.#
#######.# ##'## ..#
##..^## #.#
#.....## #z#
.......# ...
.......... ..#
..........


You could see a cyclops (drained) and a wight.

Vanquished Creatures
  Menkaure (D:6)
  Duvessa (D:6)
  2 orc warriors
  A phantom (D:4)
  4 ogres
  2 centaurs
  Blork the orc (D:6)
  A bullfrog (D:6)
  A water moccasin zombie (D:5)
  A scorpion (D:6)
  Dowan (D:6)
  4 wights (D:7)
  A howler monkey (D:6)
  5 orc priests
  A jelly (D:5)
  A hound (D:4)
  3 iguanas
  6 orc wizards
  3 worker ants
  2 worker ant zombies (D:6)
  9 gnolls
  A howler monkey skeleton (D:4)
  11 adders
  2 shadow imps (D:5)
  3 white imps
  An ufetubus (D:6)
  An ooze (D:3)
  2 adder skeletons
  2 worms
  2 dart slugs
  7 leopard geckos
  21 orcs
  2 bats
  7 giant cockroaches
  5 goblins
  10 hobgoblins
  3 quokkas
  2 ball pythons
  A ball python zombie (D:5)
  A frilled lizard (D:5)
  4 kobolds
  2 leopard gecko skeletons
  3 rats
144 creatures vanquished.

Vanquished Creatures (others)
  A worker ant (D:6)
  An orc (D:6)
2 creatures vanquished.

Grand Total: 146 creatures vanquished

Notes
Turn   | Place    | Note
-------+----------+-------------------------------------------
     0 | D:5      | MrRokkomies the Demigod Delver began the quest for the Orb.
     0 | D:5      | Reached XP level 1. HP: 18/18 MP: 3/3
    43 | D:4      | Noticed a worker ant
    52 | D:4      | Noticed an ogre
    82 | D:4      | Noticed a fire elemental
    84 | D:4      | Found a stormy altar of Qazlal.
    85 | D:4      | Noticed an air elemental
    85 | D:4      | Noticed a water elemental
    85 | D:4      | Noticed an earth elemental
   132 | D:4      | Killed an ogre
   132 | D:4      | Reached skill level 3 in Fighting
   132 | D:4      | Reached XP level 2. HP: 26/26 MP: 4/4
   132 | D:4      | Reached XP level 3. HP: 31/31 MP: 5/5
   132 | D:4      | Reached XP level 4. HP: 38/38 MP: 6/6
   212 | D:4      | HP: 2/40 [poisoned by an adder]
   218 | D:4      | HP: 2/40 [poisoned by an adder]
   224 | D:4      | HP: 1/40 [poisoned by an adder]
   288 | D:2      | Reached skill level 4 in Fighting
   652 | D:2      | Reached XP level 5. HP: 4/46 MP: 7/7
  1759 | D:2      | Found a shimmering altar of Xom.
  1759 | D:2      | Found a faded altar of an unknown god.
  1764 | D:2      | Found a radiant altar of Vehumet.
  1766 | D:2      | Found a faded altar of an unknown god.
  1767 | D:2      | Found an iron altar of Okawaru.
  2913 | D:3      | Reached XP level 6. HP: 38/53 MP: 8/8
  3138 | D:4      | Reached skill level 5 in Fighting
  3828 | D:5      | Reached XP level 7. HP: 43/62 MP: 9/9
  4011 | D:5      | Found a staircase to the Ecumenical Temple.
  4032 | D:5      | Reached skill level 6 in Fighting
  4069 | D:5      | Found a burning altar of Makhleb.
  4069 | D:5      | Found a glowing golden altar of the Shining One.
  4070 | D:5      | Found a basalt altar of Yredelemnul.
  4881 | D:6      | Noticed Duvessa
  4881 | D:6      | Noticed Dowan
  4910 | D:6      | Noticed Blork the orc
  5138 | D:6      | Killed Blork the orc
  5138 | D:6      | Reached skill level 7 in Fighting
  5153 | D:6      | Killed Dowan
  5262 | D:6      | Reached skill level 5 in Dodging
  5262 | D:6      | Reached XP level 8. HP: 69/73 MP: 10/10
  5360 | D:6      | Noticed Menkaure
  5373 | D:6      | Killed Menkaure
  5741 | D:6      | Reached skill level 8 in Fighting
  5851 | D:6      | Killed Duvessa
  7159 | D:7      | Reached skill level 9 in Fighting
  7323 | D:7      | HP: 3/117 [wight/cursed +0 dire flail (6)]
  7691 | D:7      | Reached XP level 9. HP: 78/83 MP: 11/11
  7716 | D:7      | Noticed a cyclops
  7735 | D:7      | Mangled by a cyclops

Illustrated notes

Levels and vault maps discovered:
D:1:      dpeg_arrival_solitude, layout_rooms
D:2:      layout_basic, chequers_temple_overflow_minitemple,
          minmay_goblin_kobold_house
D:3:      layout_basic
D:4:      layout_rooms, nicolae_qazlal_style_of_elements, portal_sewer_entry_d,
          hangedman_decor_peaks_small, hangedman_decor_growths, chequers_avenue
D:5:      layout_gridville, grunt_temple_overflow_open,
          minmay_temple_entry_statues_fountains
D:6:      minmay_polygon_palace, layout_basic, uniq_duvessa, uniq_menkaure,
          uniq_blork_the_orc
D:7:      layout_loops_corners, lemuel_round_altar, skrybe_limestone_x

Skill      XL: |  1  2  3  4  5  6  7  8 |
---------------+-------------------------+-----
Fighting       | 3 4 5 7 9 |  9.2
Long Blades    | 2 3 4 |  4.0
Dodging        | 2 3 5 6 |  6.3
Stealth        | |  4.5

Action                   |  1- 3 |  4- 6 |  7- 9 || total
-------------------------+-------+-------+-------++-------
Melee: Falchion          |       |    98 |       ||    98
       Short sword       |       |   196 |   275 ||   471
       Dagger            |       |       |    47 ||    47
Throw: Dart              |       |     4 |    22 ||    26
       Javelin           |       |     1 |       ||     1
Evoke: Wand              |     1 |    12 |    11 ||    24
  Use: Scroll            |       |     9 |       ||     9
       Potion            |       |     1 |     4 ||     5
 Stab: Sleeping          |       |    10 |     7 ||    17
       Invisible         |       |       |     4 ||     4
       Paralysed         |       |       |     3 ||     3
       Distracted        |       |       |     1 ||     1
Armor: Leather armour    |       |    84 |    84 ||   168
Dodge: Dodged            |     3 |   247 |   262 ||   512
       Rpst.: Falchion   |     2 |    24 |       ||    26

Table legend: (Time is in decaauts)
 A = Elapsed time spent in this place.
 B = Non-inter-level travel time spent in this place.
 C = Inter-level travel time spent in this place.
 D = Time resting spent in this place.
 E = Time spent auto-exploring this place.
 F = Levels seen in this place.
 G = Mean time per level.
                   A        B        C        D        E       F      G
               +--------+--------+--------+--------+--------+-----+--------+
         Total |   7729 |   7580 |    149 |    463 |   5676 |   7 | 1104.1 |
       Dungeon |   7729 |   7580 |    149 |    463 |   5676 |   7 | 1104.1 |
               +--------+--------+--------+--------+--------+-----+--------+

Top non-repeatable levels by time:
     D:6: 1604 daAuts
     D:5: 1504 daAuts
     D:2: 1366 daAuts
     D:7: 1014 daAuts
     D:4: 845 daAuts
     D:3: 825 daAuts
     D:1: 568 daAuts
